DBL
OAKLAND ATHLETICS @ COLORADO ROCKIES
06/27/1997
 
TOP OF THE 1ST
Oakland Athletics batting - Pitching for Colorado Rockies : RHP Jason Schmidt
Pitching: RHP Jason Schmidt
Batting: RHB Rickey Henderson 0-0: Called Strike
0-1: Ball
1-1: Foul Ball, location: 2F
1-2: Strikes out swinging
Batting: SHB Geronimo Pena 0-0: Foul Ball, location: 2F
0-1: Ball
1-1: Ball
2-1: Ball
3-1: Swinging Strike
3-2: Base on Balls
Batting: LHB John Olerud 0-0: Ball
Geronimo Pena steals 2nd base
1-0: Called Strike
1-1: Ball
2-1: Ball
3-1: Called Strike
3-2: Single, Error in OF, E8, batter to second base (Groundball, 6D, EV 106.9 MPH)
Geronimo Pena scores
Batting: RHB Jay Buhner 0-0: Ball
1-0: Ball
2-0: DOUBLE (Line Drive, 7LS, EV 105.6 MPH)
John Olerud scores
Batting: RHB Herbert Perry 0-0: SINGLE (Groundball, 34D, EV 103.1 MPH)
Jay Buhner to third
Runner from 3rd tries for Home, SAFE, throw by RF to home
Batting: RHB Benito Santiago 0-0: Ball
1-0: Ball
2-0: Called Strike
2-1: Swinging Strike
2-2: Foul Ball, location: 2F
2-2: Strikes out swinging
Batting: SHB Devon White 0-0: Ball
1-0: Foul Ball, location: 2F
1-1: Called Strike
1-2: Ball
2-2: Foul Ball, location: 2F
2-2: Ball
3-2: Foul Ball, location: 2F
3-2: Strikes out swinging
Top of the 1st over - 3 runs, 3 hits, 1 error, 1 left on base; Oakland 3 - Colorado 0
BOTTOM OF THE 1ST
Colorado Rockies batting - Pitching for Oakland Athletics : RHP Todd Van Poppel
Pitching: RHP Todd Van Poppel
Batting: LHB Todd Helton 0-0: Ball
1-0: Ball
2-0: SINGLE (Groundball, 4D, EV 95.0 MPH)
Batting: RHB Juan Gonzalez 0-0: Foul Ball, location: 2F
0-1: Foul Ball, location: 2F
0-2: Ball
1-2: Fly out, F9 (Flyball, 9S, EV 86.9 MPH)
Batting: SHB Bill R Mueller 0-0: Ball
1-0: Called Strike
1-1: Ball
2-1: Foul Ball, location: 2F
2-2: Strikes out swinging
Batting: LHB Bob Hamelin 0-0: Foul Ball, location: 2F
0-1: Ball
1-1: Ball
2-1: Fly out, F9 (Line Drive, 9, EV 88.8 MPH)
Bottom of the 1st over - 0 runs, 1 hit, 0 errors, 1 left on base; Oakland 3 - Colorado 0
TOP OF THE 2ND
Oakland Athletics batting - Pitching for Colorado Rockies : RHP Jason Schmidt
Batting: SHB Chuck Carr 0-0: Ball
1-0: Foul Ball, location: 2F
1-1: Foul Ball, location: 2F
1-2: Foul Ball, location: 2F
1-2: Ball
2-2: Ball
3-2: Base on Balls
Batting: RHB Benji Gil 0-0: Ball
Chuck Carr steals 2nd base
1-0: Called Strike
1-1: Fly out, F7 (Flyball, 7S, EV 89.4 MPH)
Batting: RHB Rickey Henderson 0-0: Called Strike
Chuck Carr steals 3rd base (no throw)
0-1: Called Strike
0-2: Ball
1-2: Strikes out swinging
Batting: SHB Geronimo Pena 0-0: Ball
1-0: Foul Ball, location: 2F
1-1: Called Strike
1-2: Foul Ball, location: 2F
1-2: Strikes out swinging
Top of the 2nd over - 0 runs, 0 hits, 0 errors, 1 left on base; Oakland 3 - Colorado 0
BOTTOM OF THE 2ND
Colorado Rockies batting - Pitching for Oakland Athletics : RHP Todd Van Poppel
Batting: LHB David Dellucci 0-0: Swinging Strike
0-1: Fly out, F2 (Popup, 2L, EV 95.0 MPH)
Batting: RHB Damion Easley 0-0: Called Strike
0-1: Ball
1-1: Ball
2-1: SINGLE (Groundball, 6D, EV 106.3 MPH)
Batting: RHB Steve Gibralter 0-0: Called Strike
0-1: Ball
1-1: Swinging Strike
1-2: Ball
2-2: Fly out, F8 (Flyball, 8LD, EV 93.8 MPH)
Batting: LHB Chip Hale 0-0: Ball
1-0: Ball
2-0: Ball
3-0: Called Strike
3-1: Ground out 4-3 (Groundball, 34D, EV 99.4 MPH)
Bottom of the 2nd over - 0 runs, 1 hit, 0 errors, 1 left on base; Oakland 3 - Colorado 0
TOP OF THE 3RD
Oakland Athletics batting - Pitching for Colorado Rockies : RHP Jason Schmidt
Batting: LHB John Olerud 0-0: Ball
1-0: Called Strike
1-1: Ground out 5-3 (Groundball, 56S, EV 65.6 MPH)
Batting: RHB Jay Buhner 0-0: Fly out, F8 (Flyball, 8LS, EV 83.8 MPH)
Batting: RHB Herbert Perry 0-0: Called Strike
0-1: Foul Ball, location: 2F
0-2: Fly out, F3 (Popup, 3DF, EV 74.4 MPH)
Top of the 3rd over - 0 runs, 0 hits, 0 errors, 0 left on base; Oakland 3 - Colorado 0
BOTTOM OF THE 3RD
Colorado Rockies batting - Pitching for Oakland Athletics : RHP Todd Van Poppel
Batting: SHB Brian Banks 0-0: Ground out 1-3 (Groundball, 15S, EV 75.0 MPH)
Batting: LHB Todd Helton 0-0: Called Strike
0-1: Ball
1-1: Ball
2-1: Ball
3-1: Called Strike
3-2: Foul Ball, location: 2F
3-2: Ground out 6-3 (Groundball, 6M, EV 87.5 MPH)
Batting: RHB Juan Gonzalez 0-0: Ball
1-0: SOLO HOME RUN (Flyball, 9LD, EV 93.8 MPH), Distance : 388 ft
Batting: SHB Bill R Mueller 0-0: Swinging Strike
0-1: Ball
1-1: Ball
2-1: Swinging Strike
2-2: Fly out, F8 (Line Drive, 8RD, EV 93.8 MPH)
Bottom of the 3rd over - 1 run, 1 hit, 0 errors, 0 left on base; Oakland 3 - Colorado 1
TOP OF THE 4TH
Oakland Athletics batting - Pitching for Colorado Rockies : RHP Jason Schmidt
Batting: RHB Benito Santiago 0-0: Fly out, F8 (Flyball, 8RXD, EV 98.8 MPH)
Batting: SHB Devon White 0-0: Ball
1-0: Called Strike
1-1: Ball
2-1: Ground out 1-3 (Groundball, 34S, EV 84.4 MPH)
Batting: SHB Chuck Carr 0-0: Ball
1-0: Ball
2-0: Fly out, F5 (Popup, 15S, EV 50.0 MPH)
Top of the 4th over - 0 runs, 0 hits, 0 errors, 0 left on base; Oakland 3 - Colorado 1
BOTTOM OF THE 4TH
Colorado Rockies batting - Pitching for Oakland Athletics : RHP Todd Van Poppel
Batting: LHB Bob Hamelin 0-0: Ball
1-0: Called Strike
1-1: Ball
2-1: Called Strike
2-2: Foul Ball, location: 2F
2-2: Ball
3-2: Ground out 5-3 (Groundball, 56, EV 85.0 MPH)
Batting: LHB David Dellucci 0-0: Foul Ball, location: 2F
0-1: Ball
1-1: Ball
2-1: Foul Ball, location: 2F
2-2: Ball
3-2: Foul Ball, location: 2F
3-2: Strikes out swinging
Batting: RHB Damion Easley 0-0: Ball
1-0: Called Strike
1-1: Bunted foul
1-2: Ball
2-2: Foul Ball, location: 2F
2-2: Ball
3-2: Base on Balls
Batting: RHB Steve Gibralter 0-0: Ball
1-0: Foul Ball, location: 2F
1-1: Ball
2-1: Fielders Choice at 2nd, 6-4 (Groundball, 6, EV 85.6 MPH)
Bottom of the 4th over - 0 runs, 0 hits, 0 errors, 1 left on base; Oakland 3 - Colorado 1
TOP OF THE 5TH
Oakland Athletics batting - Pitching for Colorado Rockies : RHP Jason Schmidt
Batting: RHB Benji Gil 0-0: Ball
1-0: Ball
2-0: Ball
3-0: Base on Balls
Batting: RHB Rickey Henderson 0-0: Ball
1-0: Ball
Benji Gil steals 2nd base (no throw)
2-0: Called Strike
2-1: Foul Ball, location: 2F
2-2: Strikes out swinging
Batting: SHB Geronimo Pena 0-0: Swinging Strike
0-1: Ball
Benji Gil is caught stealing 3rd base 2-5
1-1: SINGLE (Groundball, 6MD, EV 105.0 MPH)
Batting: LHB John Olerud 0-0: Ball
1-0: Ball
2-0: Ball
3-0: Called Strike
3-1: Foul Ball, location: 2F
3-2: Fly out, F7 (Flyball, 7, EV 77.5 MPH)
Top of the 5th over - 0 runs, 1 hit, 0 errors, 1 left on base; Oakland 3 - Colorado 1
BOTTOM OF THE 5TH
Colorado Rockies batting - Pitching for Oakland Athletics : RHP Todd Van Poppel
Batting: LHB Chip Hale 0-0: Called Strike
0-1: Ball
1-1: Ball
2-1: Ball
3-1: SOLO HOME RUN (Flyball, 9D, EV 90.6 MPH), Distance : 404 ft
Batting: SHB Brian Banks 0-0: Ball
1-0: Ball
2-0: Called Strike
2-1: SINGLE (Line Drive, 34, EV 98.8 MPH)
Batting: LHB Todd Helton 0-0: Ball
1-0: Fly out, F3 (Popup, 3SF, EV 65.6 MPH)
Batting: RHB Juan Gonzalez 0-0: Ball
1-0: Called Strike
1-1: Ball
2-1: Ball
3-1: Base on Balls
Brian Banks to second
Batting: SHB Bill R Mueller 0-0: Ball
1-0: Ball
2-0: Swinging Strike
2-1: Ball
3-1: Base on Balls
Brian Banks to third
Juan Gonzalez to second
Batting: LHB Bob Hamelin 0-0: Ball
1-0: Called Strike
1-1: Swinging Strike
1-2: Ball
2-2: Ball
3-2: Strikes out swinging
Batting: LHB David Dellucci 0-0: Called Strike
0-1: Foul Ball, location: 2F
0-2: Strikes out looking
Bottom of the 5th over - 1 run, 2 hits, 0 errors, 3 left on base; Oakland 3 - Colorado 2
TOP OF THE 6TH
Oakland Athletics batting - Pitching for Colorado Rockies : RHP Jason Schmidt
Batting: RHB Jay Buhner 0-0: Ball
1-0: Foul Ball, location: 2F
1-1: Called Strike
1-2: Ball
2-2: Strikes out swinging
Batting: RHB Herbert Perry 0-0: Ball
1-0: Ball
2-0: Ball
3-0: Called Strike
3-1: Base on Balls
Pitching: RHP Terry Adams
Batting: RHB Benito Santiago 0-0: Called Strike
Herbert Perry is caught stealing 2nd base 2-4
0-1: Swinging Strike
0-2: Strikes out looking
Top of the 6th over - 0 runs, 0 hits, 0 errors, 0 left on base; Oakland 3 - Colorado 2
BOTTOM OF THE 6TH
Colorado Rockies batting - Pitching for Oakland Athletics : RHP Todd Van Poppel
Batting: RHB Damion Easley 0-0: SINGLE (Groundball, 56D, EV 96.9 MPH)
Batting: RHB Steve Gibralter 0-0: Swinging Strike
0-1: Foul Ball, location: 2F
0-2: Ball
1-2: Ball
2-2: Hit by Pitch
Damion Easley to second
Pitching: RHP Joel Johnston
Batting: LHB Chip Hale 0-0: Fielders Choice at 2nd, 4-6 (Groundball, 34, EV 88.8 MPH)
Damion Easley to third
Batting: SHB Brian Banks 0-0: Ball
1-0: Ball
2-0: Ball
3-0: Foul Ball, location: 2F
3-1: Base on Balls
Chip Hale to second
Batting: LHB Todd Helton 0-0: Ball
1-0: Swinging Strike
1-1: Called Strike
1-2: Strikes out swinging
Batting: RHB Juan Gonzalez 0-0: Called Strike
0-1: Foul Ball, location: 2F
0-2: SINGLE (Line Drive, 9S, EV 90.0 MPH)
Damion Easley scores
Chip Hale to third
Brian Banks to second
Runner from 3rd tries for Home, SAFE, throw by RF to home
Batting: SHB Bill R Mueller 0-0: Called Strike
0-1: Called Strike
0-2: Ball
1-2: Strikes out looking
Bottom of the 6th over - 2 runs, 2 hits, 0 errors, 2 left on base; Oakland 3 - Colorado 4
TOP OF THE 7TH
Oakland Athletics batting - Pitching for Colorado Rockies : RHP Terry Adams
Batting: SHB Devon White 0-0: Ball
1-0: Foul Ball, location: 2F
1-1: Foul Ball, location: 2F
1-2: Strikes out swinging
Batting: SHB Chuck Carr 0-0: Ball
1-0: Called Strike
1-1: Ball
2-1: Foul Ball, location: 2F
2-2: Ball
3-2: Base on Balls
Pinch Hitting: RHB Greg Vaughn 0-0: Ball
1-0: Foul Ball, location: 2F
1-1: Ball
2-1: Ball
3-1: Base on Balls
Chuck Carr to second
Batting: RHB Rickey Henderson 0-0: Called Strike
Chuck Carr steals 3rd base
Greg Vaughn to second
0-1: Ball
1-1: Fly out, F7 (Flyball, 78S, EV 88.8 MPH)
Runner from 3rd tags up, SCORES, throw by LF
Batting: SHB Geronimo Pena 0-0: Foul Ball, location: 2F
0-1: Ball
1-1: Ball
2-1: 2-RUN HOME RUN (Flyball, 8RXD, EV 97.5 MPH), Distance : 429 ft
Pitching: LHP Jason Christiansen
Batting: LHB John Olerud 0-0: Ball
1-0: Ball
2-0: Ball
3-0: Base on Balls
Batting: RHB Jay Buhner 0-0: Called Strike
0-1: Fielders Choice at 2nd, 4-6 (Groundball, 4MD, EV 99.4 MPH)
Top of the 7th over - 3 runs, 1 hit, 0 errors, 1 left on base; Oakland 6 - Colorado 4
BOTTOM OF THE 7TH
Colorado Rockies batting - Pitching for Oakland Athletics : RHP Joel Johnston
Now at SS: Greg Litton
Batting: LHB Bob Hamelin 0-0: Ball
1-0: Ball
2-0: Foul Ball, location: 2F
2-1: DOUBLE (Flyball, 78D, EV 85.6 MPH)
Batting: LHB David Dellucci 0-0: Swinging Strike
0-1: Foul Ball, location: 2F
0-2: Ball
1-2: Ball
2-2: Hit by Pitch
Batting: RHB Damion Easley 0-0: Swinging Strike
0-1: Fly out, F9 (Flyball, 9D, EV 93.1 MPH)
Batting: RHB Steve Gibralter 0-0: Called Strike
0-1: Ball
1-1: Ball
2-1: Ball
3-1: Foul Ball, location: 2F
3-2: Foul Ball, location: 2F
3-2: Fly out, F9 (Flyball, 9D, EV 96.3 MPH)
Runner from 2nd tags up, SAFE at 3rd, no throw by RF
Batting: LHB Chip Hale 0-0: Called Strike
0-1: Foul Ball, location: 2F
0-2: Foul Ball, location: 2F
0-2: Ball
1-2: Strikes out swinging
Bottom of the 7th over - 0 runs, 1 hit, 0 errors, 2 left on base; Oakland 6 - Colorado 4
TOP OF THE 8TH
Oakland Athletics batting - Pitching for Colorado Rockies : LHP Jason Christiansen
Batting: RHB Herbert Perry 0-0: Fly out, F9 (Flyball, 9, EV 90.0 MPH)
Batting: RHB Benito Santiago 0-0: Ball
1-0: Called Strike
1-1: Swinging Strike
1-2: Ball
2-2: Strikes out swinging
Batting: SHB Devon White 0-0: Called Strike
0-1: Ball
1-1: Foul Ball, location: 2F
1-2: Strikes out swinging
Top of the 8th over - 0 runs, 0 hits, 0 errors, 0 left on base; Oakland 6 - Colorado 4
BOTTOM OF THE 8TH
Colorado Rockies batting - Pitching for Oakland Athletics : RHP Joel Johnston
Batting: SHB Brian Banks 0-0: Ground out 6-3 (Groundball, 6M, EV 77.5 MPH)
Batting: LHB Todd Helton 0-0: Ball
1-0: Called Strike
1-1: Ball
2-1: Ball
3-1: Called Strike
3-2: Foul Ball, location: 2F
3-2: Base on Balls
Pitching: RHP Jason Bere
Batting: RHB Juan Gonzalez 0-0: DOUBLE (Groundball, 5L, EV 103.1 MPH)
Todd Helton to third
Runner from 3rd tries for Home, SAFE, throw by LF to home
Batting: SHB Bill R Mueller 0-0: Called Strike
0-1: Ball
1-1: Foul Ball, location: 2F
1-2: Ball
2-2: Ball
3-2: Foul Ball, location: 2F
3-2: Base on Balls
Batting: LHB Bob Hamelin 0-0: Called Strike
0-1: Swinging Strike
0-2: Ball
1-2: Strikes out swinging
Batting: LHB David Dellucci 0-0: Ball
1-0: Ball
2-0: Swinging Strike
2-1: Foul Ball, location: 2F
2-2: Strikes out swinging
Bottom of the 8th over - 1 run, 1 hit, 0 errors, 2 left on base; Oakland 6 - Colorado 5
TOP OF THE 9TH
Oakland Athletics batting - Pitching for Colorado Rockies : LHP Jason Christiansen
Batting: SHB Chuck Carr 0-0: Ball
1-0: Foul Ball, location: 2F
1-1: Foul Ball, location: 2F
1-2: Fly out, F7 (Flyball, 78S, EV 83.1 MPH)
Batting: RHB Greg Litton 0-0: Ball
1-0: Called Strike
1-1: Foul Ball, location: 2F
1-2: Strikes out swinging
Batting: RHB Rickey Henderson 0-0: Foul Ball, location: 2F
0-1: Ball
1-1: Foul Ball, location: 2F
1-2: Ball
2-2: Ball
3-2: Foul Ball, location: 2F
3-2: Strikes out swinging
Top of the 9th over - 0 runs, 0 hits, 0 errors, 0 left on base; Oakland 6 - Colorado 5
BOTTOM OF THE 9TH
Colorado Rockies batting - Pitching for Oakland Athletics : RHP Jason Bere
Batting: RHB Damion Easley 0-0: Ball
1-0: Ball
2-0: Ball
3-0: Called Strike
3-1: Base on Balls
Batting: RHB Steve Gibralter 0-0: Ball
1-0: Called Strike
1-1: Called Strike
1-2: Ball
2-2: Foul Ball, location: 2F
2-2: Ball
3-2: Strikes out swinging
Batting: LHB Chip Hale 0-0: Ball
1-0: Foul Ball, location: 2F
1-1: Ball
2-1: Foul Ball, location: 2F
2-2: Grounds into double play, 6-4-3 (Groundball, 6, EV 92.5 MPH)
Bottom of the 9th over - 0 runs, 0 hits, 0 errors, 0 left on base; Oakland 6 - Colorado 5
Monday, March 2nd, 2026 - OOTP Baseball 20.8 Build 74